Unix NetHack Version 3.7.0-97 Work-in-progress - last build Feb 8 2024 15:05:57 (6d6cdf8371b60126770a3d7b88910941cb14a054,branch:master). Game began 2024-02-18 18:14:15, ended 2024-02-19 22:35:57. nurdglaw, chaotic female human Rogue -------- ---- |......-----..| |.............| |......------@| |......| |a| |----.------|.| |.....|....||^| |..0..|000.||^| |..0.......-|^| |....---...>|<| ------ -------- Nurdglaw the Rogue St:10 Dx:16 Co:14 In:10 Wi:16 Ch:11 Chaotic S:2022 Dlvl:6 $:0 HP:0(48) Pw:34(34) AC:6 Xp:6/397 T:4224 Burdened Latest messages: In what direction? h You throw 2 daggers. The 1st dagger hits the paper golem. The 2nd dagger hits the paper golem. The paper golem hits! In what direction? h You throw 2 daggers. The 1st dagger hits the paper golem. The 2nd dagger hits the paper golem. You destroy the paper golem! You have a little trouble lifting b - 6 uncursed +0 daggers (at the ready) (11 in total). You see here an unlabeled scroll. You have a little trouble lifting w - an unlabeled scroll. You have a little trouble lifting b - an uncursed +0 dagger (at the ready) (12 in total). With great effort you move the boulder. You hear a monster behind the boulder. Perhaps that's why you cannot move it. With great effort you move the boulder. With great effort you move the boulder. The boulder fills a pit. The fire ant bites! The fire ant bites again! You're on fire! The fire ant bites! The fire ant bites again! You're on fire! Your scroll labeled ETAOIN SHRDLU catches fire and burns! What do you want to use or apply? [ahkmuz or ?*] h You put a scroll labeled ETAOIN SHRDLU into the sack. You put an unlabeled scroll into the sack. The fire ant bites! The fire ant bites again! You're on fire! The fire ant bites! The fire ant misses! What do you want to write with? [- bijmq-suz or ?*] - You write in the dust with your fingertip. What do you want to write in the dust here? Elbereth The fire ant bites! The fire ant bites again! You're on fire! The fire ant bites! The fire ant bites again! You're on fire! You die... Do you want your possessions identified? [ynq] (y) y Do you want to see your attributes? [ynq] (y) y Do you want an account of creatures vanquished? [ynaq] (y) y Do you want to see your conduct and achievements? [ynq] (y) y Do you want to see the dungeon overview? [ynq] (y) y Inventory: Weapons q - 6 uncursed +0 darts r - 7 cursed -1 darts s - 9 cursed +0 shuriken b - 12 uncursed +0 daggers (at the ready) j - an uncursed +1 long sword named psn rsstnc (weapon in right hand) Armor l - an uncursed +0 orcish helm (being worn) c - an uncursed +1 leather armor named prayed on turn 3606 (being worn) Comestibles p - 2 uncursed slime molds o - 2 uncursed food rations e - an uncursed fortune cookie d - an uncursed tripe ration Rings i - a cursed ring of polymorph Wands z - an uncursed wand of cancellation (0:4) m - an uncursed wand of create monster (0:14) u - an uncursed wand of striking (0:6) Tools h - an uncursed sack containing 14 items a - an uncursed lock pick k - an uncursed lock pick Contents of the sack: 134 gold pieces an uncursed scroll of blank paper a cursed scroll of earth an uncursed scroll of enchant weapon an uncursed scroll of teleportation an uncursed potion of booze an uncursed potion of fruit juice 5 uncursed potions of healing named not cursed an uncursed potion of sickness 3 uncursed potions of speed a potion of holy water an uncursed ring of levitation an uncursed ring of warning named donned on turn 3142 2 uncursed worthless pieces of green glass Nurdglaw the Rogue's attributes: Background: You were a Rogue, level 6 female human. You were chaotic, on a mission for Kos who was opposed by Issek (lawful) and Mog (neutral). You were right-handed. You were in Sokoban, on level 6. You entered the dungeon 4224 turns ago. It was nighttime. You had 397 experience points, 243 more were needed to attain level 7. Your score was 2022 before end-of-game adjustments. Basics: You had 0 out of 48 hit points. You had all 34 energy points (spell power). Your armor class was 6. Your wallet was empty, but you had 134 zorkmids stashed away in your pack. Autopickup was on for '$' plus thrown. Final Characteristics: Your strength was 10 (limit:18/100). Your dexterity was 16 (limit:18). Your constitution was 14 (limit:18). Your intelligence was 10 (limit:18). Your wisdom was 16 (limit:18). Your charisma was 11 (limit:18). Final Status: You weren't hungry. You were burdened; movement was slightly slowed. You were wielding a long sword. You were unskilled in long sword. Final Attributes: You were piously aligned. You were poison resistant. You were stealthy. You were warded. You are dead. Miscellaneous: You never encountered a bones level. Total elapsed playing time was 2 hours, 56 minutes and 49 seconds. Major events: Turn 1: nurdglaw the chaotic female human Rogue entered the dungeon 1122: attained the rank of Cutpurse (level 3) 1140: entered the Gnomish Mines 3727: attained the rank of Rogue (level 6) 3879: entered Sokoban 4224: killed by a fire ant Vanquished creatures: a giant spider a rock piercer a pony 2 fog clouds 3 yellow lights a shrieker a paper golem a giant ant a little dog a floating eye a hill orc 4 giant bats 2 monkeys 3 dwarf zombies a werejackal an acid blob 3 coyotes 3 hobbits a large kobold a hobgoblin 5 giant rats a red mold 2 garter snakes a gnome zombie 4 geckos 3 jackals 2 foxes 4 kobolds 2 goblins a sewer rat 2 grid bugs 2 lichens a kobold zombie 5 newts 68 creatures vanquished. No species were genocided or became extinct. Voluntary challenges: You read items or engraved 25 times. You engraved Elbereth 18 times. You never genocided any monsters. You never polymorphed an object. You never changed form. You used no wishes. You did not violate any of the special Sokoban rules. Achievements: You attained the rank of Cutpurse. You entered the Gnomish Mines. You entered a shop. You attained the rank of Rogue. You entered Sokoban. The Dungeons of Doom: levels 1 to 7 Level 1: "vault" A fountain, a sink. Level 2: "stash, vault, general store" A fountain. Stairs down to The Gnomish Mines. Level 3: "armoury" Level 4: "vault" Level 5: "vault" An altar. Level 6: Level 7: An altar to Kos, a fountain. Stairs up to Sokoban, level 6. The Gnomish Mines: Level 3: Sokoban: Level 6: <- You were here. Unsolved. Final resting place for you, killed by a fire ant. Game over: ---------- / \ / REST \ / IN \ / PEACE \ / \ | nurdglaw | | 134 Au | | killed by a fire | | ant | | | | | | 2024 | *| * * * | * _________)/\\_//(\/(/\)/\//\/|_)_______ Goodbye nurdglaw the Rogue... You died in Sokoban on dungeon level 6 with 2009 points, and 134 pieces of gold, after 4224 moves. You were level 6 with a maximum of 48 hit points when you died.